 Dungeon Crawl Stone Soup version 0.30-a0-840-ga523dec638 (webtiles) character file.

Game seed: 3566729892839949441

11739 Dittersdorf the Fighter (level 11, -4/73 HPs)
             Began as a Gargoyle Fighter on Mar 1, 2023.
             Was a High Priest of Okawaru.
             Slain by a cane toad (5 damage)
             ... on level 9 of the Dungeon.
             The game lasted 00:16:13 (11184 turns).

Dittersdorf the Fighter (Gargoyle Fighter)         Turns: 11184, Time: 00:16:14

Health: -4/73      AC: 36    Str: 23    XL:     11   Next: 82%
Magic:  0/20       EV:  9    Int: 10    God:    Okawaru [*****.]
Gold:   1134       SH:  6    Dex: 13    Spells: 10/10 levels left

rFire   . . .      SeeInvis +    w - +2 morningstar
rCold   . . .      Faith    .    c - +0 buckler
rNeg    + . .      Spirit   +    y - +1 crystal plate armour
rPois   ∞          Reflect  .    e - +2 helmet
rElec   +          Harm     .    (no cloak)
rCorr   .          Rampage  .    z - +0 pair of gloves
Will    .....                    o - +0 pair of boots of Izxaeshro {Dex+4}
Stlth   x                          - amulet of guardian spirit
HPRegen 0.32/turn                j - +5 ring of evasion
MPRegen 0.17/turn                E - ring "Coucha" {rElec MP+9 SInv}

@: no status effects
A: sickness immunity, AC +8, negative energy resistance 1, electricity
resistance, torment resistance 1, petrification resistance
a: Renounce Religion, Heroism, Finesse, Duel


You were on level 9 of the Dungeon.
You worshipped Okawaru.
Okawaru was extremely pleased with you.
You visited 3 branches of the dungeon, and saw 12 of its levels.

You collected 1709 gold pieces.
You spent 575 gold pieces at shops.

Inventory:

Hand Weapons
 w - a +2 morningstar (weapon)
Armour
 c - a +0 buckler (worn)
 e - a +2 helmet (worn)
 o - the +0 pair of boots of Izxaeshro (worn) {Dex+4}
   (You acquired it on level 3 of the Dungeon)

   Dex:       It affects your dexterity (+4).
 y - a +1 crystal plate armour (worn)
 z - a +0 pair of gloves (worn)
Jewellery
 f - a ring of resist corrosion
 j - a +5 ring of evasion (left hand)
 t - a ring of protection from fire
 x - an amulet of guardian spirit (around neck)
 E - the ring "Coucha" (right hand) {rElec MP+9 SInv}
   (You found it on level 8 of the Dungeon)

   [ring of magical power]

   rElec:     It insulates you from electricity.
   MP:        It affects your magic capacity (+9).
   SInv:      It lets you see invisible.
Wands
 g - a wand of paralysis (17)
 i - a wand of iceblast (6)
 u - a wand of flame (35)
 D - a wand of digging (8)
Scrolls
 b - 2 scrolls of blinking
 h - 2 scrolls of fear
 q - 2 scrolls of enchant armour
 C - 2 scrolls of teleportation
 G - a scroll of enchant weapon
Potions
 a - 3 potions of invisibility {unknown}
 d - a potion of might
 k - a potion of flight
 l - a potion of brilliance
 n - 6 potions of curing
 p - 12 potions of ambrosia
 r - a potion of cancellation {unknown}
 s - a potion of resistance
 v - a potion of mutation
 A - 2 potions of lignification {unknown}
 B - 3 potions of heal wounds
 F - a potion of haste {unknown}


   Skills:
 + Level 10.7 Fighting
 + Level 9.5 Maces & Flails
 + Level 10.7 Armour
 + Level 10.7 Shields


You had 10 spell levels left.
You didn't know any spells.
Your spell library contained the following spells:

 Spells                   Type           Power      Damage    Failure   Level
 Frozen Ramparts          Ice            0%         1d1       100%        3
 Gell's Gravitas          Tloc           0%         N/A       100%        3
 Inner Flame              Hex/Fire       0%         N/A       100%        3
 Teleport Other           Tloc           0%         N/A       100%        3
 Airstrike                Air            0%         2d(0-16)  100%        4
 Anguish                  Hex/Necr       0%         N/A       100%        4
 Flame Wave               Conj/Fire      0%         2d4       100%        4
 Ice Form                 Ice/Tmut       0%         N/A       100%        4
 Sticky Flame             Conj/Fire      0%         2d3       100%        4
 Lightning Bolt           Conj/Air       0%         1d11      100%        5
 Dispersal                Tloc           0%         N/A       100%        6
 Enfeeble                 Hex            0%         N/A       100%        7
 Summon Ice Beast         Ice/Summ       Unusable   N/A       N/A         4
 Summon Lightning Spire   Summ/Air       Unusable   N/A       N/A         4

Dungeon Overview and Level Annotations

Branches:
Dungeon (10/15)            Temple (1/1) D:5            Lair (1/5) D:9
    Orc: D:9-12

Altars:
Ashenzari
Cheibriados
Dithmenos
Elyvilon
Fedhas
Gozag
Hepliaklqana
Kikubaaqudgha
Makhleb
Nemelex Xobeh
Okawaru
Qazlal
Ru
Sif Muna
Trog
Uskayaw
Vehumet
Wu Jian
Xom
Yredelemnul
Zin
The Shining One

Shops:
D:3 ([?:   D:4 *   D:10 [

Annotations:
D:1 1 transporter
D:3 2 runed translucent doors, zenocrate's ghost, amateur VSFi


Innate Abilities, Weirdness & Mutations

You are immune to sickness and miasma.
Your stone body is resilient. (AC +8)
You are immune to poison.
You resist negative energy. (rN+)
You are resistant to electric shocks. (rElec)
You are resistant to unholy torment.
You are immune to petrification.


Message History

The cane toad attacks as you move away! The cane toad barely misses you.
The cane toad attacks as you move away!
The cane toad stings you but does no damage.
The blink frog blinks!
The cane toad stings you but does no damage.
The blink frog blinks! x2
The cane toad attacks as you move away!
The cane toad stings you but does no damage.
There is a staircase back to the Dungeon here.
You block the cane toad's attack.
You climb upwards.
Welcome back to the Dungeon!
There is a staircase to the Lair here.
You hit the cane toad.
The cane toad is lightly wounded.
You block the cane toad's attack. The cane toad closely misses you.
You closely miss the cane toad.
The cane toad is lightly wounded.
The cane toad stings you but does no damage.
You puncture the cane toad!
The cane toad is heavily wounded.
You block the cane toad's attack.
You closely miss the cane toad.
The cane toad is heavily wounded.
You block the cane toad's attack.
The cane toad stings you but does no damage.
You hit the cane toad.
The cane toad is heavily wounded.
The cane toad stings you but does no damage.
You hit the cane toad but do no damage.
The cane toad is heavily wounded.
You block the cane toad's attack.
You closely miss the cane toad.
The cane toad is heavily wounded.
The cane toad stings you!
* * * LOW HITPOINT WARNING * * *
You hit the cane toad.
The cane toad is severely wounded.
The cane toad stings you but does no damage.
The cane toad stings you.
You die...

#######.# #.# ##. #.......# #.#
#.. #.####### #####.## #####+#
#.# ###......### #......
###'##### ###.....####.###......
#.......# ##.........##...#......
#.......###........P..###.#[.....
#.......'....P..F......#..#......
#.......#.......@.........'......
#.......##.....÷.......####......
#.......###...........## ######'
######.## ##.........## #.
####...### ###.....### ####
.........# ###.....# #...
.........# #.....# #.##
.........# #.....# #...
.........# #.....# #.##


You could see a cane toad.

Vanquished Creatures
  A boulder beetle (D:8)
  Joseph (D:8)
  2 cane toads (Lair:1)
  Maggie (D:9)
  An unseen horror (D:10)
  2 komodo dragons
  A queen bee (D:9)
  2 trolls (D:9)
  Grinder (D:3)
  A shadow (D:9)
  A wyvern (D:6)
  13 yaks
  A steam dragon (D:8)
  3 wargs
  2 water moccasins (Lair:1)
  A sky beast (D:6)
  3 orc warriors
  3 ice beasts
  2 black bears (D:6)
  4 ogres
  3 centaurs
  3 phantoms
  4 bullfrogs
  A necrophage (D:3)
  3 scorpions
  7 wights
  45 killer bees
  5 howler monkeys
  A jelly (D:6)
  2 hounds (D:4)
  7 orc priests
  Jessica (D:3)
  2 iguanas
  13 orc wizards
  A gnoll (D:1)
  7 adders
  A shadow imp (D:5)
  A white imp (D:6)
  4 worms
  3 dart slugs
  36 orcs
  6 ball pythons
  2 bat zombies (D:9)
  2 endoplasms
  4 giant cockroaches
  4 goblins
  9 hobgoblins
  2 jackals (D:1)
  4 quokkas
  7 bats
  A frilled lizard (D:3)
  6 kobolds
  4 rats
  2 rat zombies (D:9)
249 creatures vanquished.

Vanquished Creatures (others)
  5 fungi
  A plant (Lair:1)
6 creatures vanquished.

Grand Total: 255 creatures vanquished

Notes
Turn   | Place    | Note
-------+----------+-------------------------------------------
     0 | D:1      | Dittersdorf the Gargoyle Fighter began the quest for the
                  | Orb.
     0 | D:1      | Reached XP level 1. HP: 14/14 MP: 1/1
    71 | D:1      | Reached XP level 2. HP: 5/19 MP: 2/2
   178 | D:1      | Reached XP level 3. HP: 5/23 MP: 3/3
   970 | D:2      | Reached XP level 4. HP: 24/29 MP: 4/4
  1811 | D:3      | Noticed a necrophage
  1821 | D:3      | Killed a necrophage
  1822 | D:3      | Reached XP level 5. HP: 27/34 MP: 5/5
  1901 | D:3      | Noticed Jessica
  1904 | D:3      | Killed Jessica
  1960 | D:3      | Found Bamyqu's Book Shop.
  2046 | D:3      | Found a glowing silver altar of Zin.
  2153 | D:3      | Found Baleemyu's Magic Scroll Shop.
  2171 | D:3      | Noticed Grinder
  2195 | D:3      | Paralysed by Grinder for 4 turns
  2202 | D:3      | Paralysed by Grinder for 3 turns
  2210 | D:3      | Killed Grinder
  2211 | D:3      | Reached skill level 5 in Fighting
  2211 | D:3      | Reached XP level 6. HP: 24/40 MP: 6/6
  2285 | D:3      | Found Azuxot's Antique Armour Shoppe.
  2314 | D:3      | Reached skill level 5 in Shields
  2406 | D:3      | Reached skill level 5 in Armour
  2406 | D:3      | Reached XP level 7. HP: 5/44 MP: 7/7
  2773 | D:3      | Found a radiant altar of Vehumet.
  2909 | D:3      | Found a large runed translucent door.
  2909 | D:3      | Found a large runed translucent door.
  2912 | D:3      | Noticed zenocrate's ghost (amateur VSFi)
  2946 | D:3      | Found Papamywu's Antique Weapon Shop.
  3317 | D:4      | Found Misis's General Store.
  4434 | D:5      | Entered Level 5 of the Dungeon
  4441 | D:4      | Reached XP level 8. HP: 51/51 MP: 8/8
  4511 | D:5      | Identified a scroll of acquirement
  4512 | D:5      | Acquired 1007 gold pieces
  4531 | D:5      | Reached skill level 5 in Maces & Flails
  4609 | D:3      | Bought a scroll of acquirement for 520 gold pieces
  4609 | D:3      | Acquired the +0 pair of boots of Izxaeshro {Dex+4}
  4839 | D:5      | Found a staircase to the Ecumenical Temple.
  4846 | Temple   | Entered the Ecumenical Temple
  5005 | Temple   | Became a worshipper of Warmaster Okawaru
  5400 | D:6      | Reached XP level 9. HP: 50/56 MP: 9/9
  5687 | D:6      | Reached * piety under Okawaru
  6142 | D:6      | Reached ** piety under Okawaru
  6588 | D:7      | Reached XP level 10. HP: 64/64 MP: 10/10
  7046 | D:8      | Noticed Joseph
  7059 | D:8      | Killed Joseph
  7182 | D:8      | Found a sparkling altar of Nemelex Xobeh.
  7269 | D:8      | Reached *** piety under Okawaru
  7983 | D:8      | Reached **** piety under Okawaru
  8204 | D:8      | Identified the ring "Coucha" {rElec MP+9 SInv}
  8531 | D:9      | Noticed a boulder beetle
  8816 | D:8      | Killed a boulder beetle
  8816 | D:8      | Reached ***** piety under Okawaru
  8901 | D:9      | Reached XP level 11. HP: 64/72 MP: 11/11
  8953 | D:9      | Found a broken altar of Ashenzari.
  9156 | D:9      | Received a gift from Okawaru
  9230 | D:9      | Reached skill level 10 in Fighting
  9243 | D:9      | Reached skill level 10 in Shields
  9251 | D:9      | Reached skill level 10 in Armour
  9448 | D:9      | Found a staircase to the Lair.
  9580 | D:9      | Found a white marble altar of Elyvilon.
  9694 | D:9      | Found a sacrificial altar of Ru.
  9787 | D:9      | Found an ancient bone altar of Kikubaaqudgha.
  9849 | D:10     | Entered Level 10 of the Dungeon
  9849 | D:10     | Noticed Maggie
  9945 | D:9      | Killed Maggie
 10036 | D:10     | Found Vimeitz's Antique Armour Boutique.
 10708 | D:4      | Bought a potion of heal wounds for 55 gold pieces
 10880 | Lair:1   | Entered Level 1 of the Lair of Beasts
 10975 | Lair:1   | Identified the +1 helmet "Tuefyrixt" {Harm *Slow SInv}
                  | (Okawaru gifted it to you on level 1 of the Lair of Beasts)
 10975 | Lair:1   | Received a gift from Okawaru
 11183 | D:9      | HP: 1/73 [cane toad (12)]
 11184 | D:9      | Slain by a cane toad

Illustrated notes

Levels and vault maps discovered:
D:1:      spicycebolla_arrival_transporter_tutorial, layout_basic
D:2:      kb_forest_paths, layout_basic, nicolae_half_adder
D:3:      layout_loops_corners, fiery_altar_vehumet,
          mainiacjoe_overflow_24_doors, ebering_ghost_disaster_area,
          serial_shops, shop, nicolae_shop_waterfront, shop, shop,
          nicolae_titane, uniq_jessica, uniq_grinder
D:4:      layout_loops_ring, serial_shops, nicolae_inconvenience_store,
          kennysheep_generic_room_9
D:5:      layout_rooms, minmay_temple_entry_junction
D:6:      layout_basic, serial_aquarium, aquarium_bridge_straight
          [aquarium_subvault_bridge, aquarium_subvault_wall,
          aquarium_subvault_bridge, aquarium_subvault_wall], aquarium_window_1,
          aquarium_window_2, aquarium_view_2e, aquarium_pool_S
D:7:      layout_rooms
D:8:      layout_cave_pods, mainiacjoe_overflow_concentric_impassable,
          uniq_joseph
D:9:      layout_roguey [special_room_bee], nicolae_ashenzari_skybound,
          lemuel_zombie_altar_kikubaaqudgha, nicolae_ru_the_path_less_chosen,
          general_overflow_altar, erik_lair_orcish_takeover
D:10:     layout_roguey, serial_shops, shop_statue, uniq_maggie
Temple:   regret_index_temple_waves
Lair:1:   layout_regular_city, patterned_corridor

Skill      XL: |  1  2  3  4  5  6  7  8  9 10 11 |
---------------+----------------------------------+-----
Shields        | 4 5 6 8 9 10 | 10.7
Fighting       | 4 5 6 8 9 10 | 10.7
Armour         | 4 5 6 8 9 10 | 10.7
Maces & Flails | 3 4 5 7 8 9 |  9.5

Action                     |  1- 3 |  4- 6 |  7- 9 | 10-12 || total
---------------------------+-------+-------+-------+-------++-------
  Melee: Flail             |    88 |   176 |   203 |       ||   467
         Morningstar       |       |       |   106 |   505 ||   611
 Invoke: Heroism           |       |       |       |     2 ||     2
  Evoke: Wand              |       |       |       |     7 ||     7
    Use: Scroll            |       |       |    19 |     3 ||    22
 Armour: Scale mail        |    57 |   119 |    68 |       ||   244
         Chain mail        |       |       |   135 |       ||   135
         Crystal plate arm |       |       |       |   441 ||   441
  Dodge: Dodged            |    63 |    87 |   189 |   273 ||   612
  Block: Buckler           |    26 |    43 |   145 |   202 ||   416

Table legend: (Time is in decaauts)
 A = Elapsed time spent in this place.
 B = Non-inter-level travel time spent in this place.
 C = Inter-level travel time spent in this place.
 D = Time resting spent in this place.
 E = Time spent auto-exploring this place.
 F = Levels seen in this place.
 G = Mean time per level.
                   A        B        C        D        E       F      G
               +--------+--------+--------+--------+--------+-----+--------+
         Total |  11406 |  10519 |    887 |   1540 |   6388 |  12 |  950.5 |
       Dungeon |  10962 |  10184 |    778 |   1540 |   6178 |  10 | 1096.2 |
        Temple |    225 |    117 |    108 |      0 |    101 |   1 |  225.0 |
          Lair |    218 |    218 |      0 |      0 |    108 |   1 |  218.0 |
               +--------+--------+--------+--------+--------+-----+--------+

Top non-repeatable levels by time:
     D:8: 1512 daAuts
     D:3: 1498 daAuts
     D:4: 1423 daAuts
     D:9: 1408 daAuts
     D:6: 1317 daAuts
     D:2: 973 daAuts
     D:7: 895 daAuts
     D:1: 886 daAuts
    D:10: 569 daAuts
     D:5: 477 daAuts
  Temple: 225 daAuts
  Lair:1: 218 daAuts
